[Event "fics rated crazyhouse match"]
[Site "fics, Oklahoma City, OK USA"]
[Date "2001.02.20"]
[White "RFrancisco"]
[WhiteElo "2371"]
[Black "Burgsvik"]
[BlackElo "2221"]
[TimeControl "120+0"]
[Result "0-1"]

1. e4 e6 2. d4 b6 3. Nc3 Bb7 4. Nge2 Bb4 5. Ng3 Nf6 6. Bd3 
Nc6 7. Be3 Ne7 8. O-O Ng6 9. e5 Nd5 10. Nxd5 Bxd5 11. c4 Bxg2 
12. Kxg2 Nh4+ 13. Kh3 h5 14. Nxh5 Nf5 15. B@g4 Qh4+ 16. Kg2 Rxh5 17. Bxh5 
P@h3+ 18. Kg1 N@g5 19. R@h8+ Bf8 20. P@b7 Rd8 21. Bxf7+ Nxf7 22. Rxh4 Nxh4 
23. Q@h5 N@f3+ 24. Qdxf3 Nxf3+ 25. Qxf3 Q@g2+ 26. Qxg2 hxg2 27. Kxg2 Q@g4+ 28. Q@g3 
B@f3+ 29. Kg1 R@h1# 
{RFrancisco checkmated} 0-1

[Event "fics rated crazyhouse match"]
[Site "fics, Oklahoma City, OK USA"]
[Date "2001.02.20"]
[White "RFrancisco"]
[WhiteElo "2365"]
[Black "Burgsvik"]
[BlackElo "2227"]
[TimeControl "120+0"]
[Result "0-1"]

1. e4 e6 2. d4 Nf6 3. Bd3 Bb4+ 4. c3 Be7 5. Nh3 d5 6. e5 
Ne4 7. O-O Bg5 8. f3 Bxc1 9. Qxc1 B@h6 10. Qxh6 gxh6 11. fxe4 Q@e3+ 
12. B@f2 Qxd3 13. N@f6+ Ke7 14. exd5 exd5 15. P@g7 Bxh3 16. gxh8=Q N@e2+ 17. Kh1 
Bxg2+ 18. Kxg2 P@h3# 
{RFrancisco resigns} 0-1

[Event "fics rated crazyhouse match"]
[Site "fics, Oklahoma City, OK USA"]
[Date "2001.02.20"]
[White "RFrancisco"]
[WhiteElo "2334"]
[Black "spurs"]
[BlackElo "2300"]
[TimeControl "60+0"]
[Result "1-0"]

1. e4 e6 2. Nc3 d5 3. d4 Bb4 4. e5 Bxc3+ 5. bxc3 N@e4 6. Qg4 
Ne7 7. B@b4 Nf5 8. Bd3 h5 9. Qf3 Qh4 10. Bxe4 dxe4 11. Qe2 B@g4 
12. Qf1 e3 13. g3 exf2+ 14. Qxf2 Nxg3 15. hxg3 Qxh1 16. Qxf7+ Kxf7 17. N@g5+ 
Kg6 18. N@e7+ Kh6 19. Nf7+ Kh7 20. P@g6# 
{spurs checkmated} 1-0

[Event "fics rated crazyhouse match"]
[Site "fics, Oklahoma City, OK USA"]
[Date "2001.02.20"]
[White "spurs"]
[WhiteElo "2293"]
[Black "RFrancisco"]
[BlackElo "2341"]
[TimeControl "60+0"]
[Result "1-0"]

1. d4 Nf6 2. Nf3 d5 3. Bg5 Ne4 4. Bh4 Nc6 5. Nc3 Bf5 6. e3 
Qd6 7. Bb5 Qb4 8. Bxc6+ bxc6 9. O-O B@f6 10. Nxe4 dxe4 11. Bxf6 exf6 
12. B@c5 Bxc5 13. dxc5 Qxc5 14. B@d4 Qe7 15. Bxf6 gxf6 16. N@g7+ Kf8 17. Nxf5 
Rg8 18. B@h6+ P@g7 19. Nxe7 exf3 20. Ng6+ fxg6 21. N@e6+ Kf7 22. Qd7+ B@e7 
23. Ng5# 
{RFrancisco resigns} 1-0

[Event "fics rated crazyhouse match"]
[Site "fics, Oklahoma City, OK USA"]
[Date "2001.02.20"]
[White "RFrancisco"]
[WhiteElo "2332"]
[Black "spurs"]
[BlackElo "2302"]
[TimeControl "60+0"]
[Result "1-0"]

1. e4 e6 2. d4 d5 3. Nc3 Bb4 4. e5 Ne7 5. Bg5 Qd7 6. Nf3 
Nf5 7. Bd3 Bxc3+ 8. bxc3 N@e4 9. Bxe4 dxe4 10. N@h5 B@f8 11. Nh4 Nxh4 
12. Bxh4 N@d5 13. B@c4 Be7 14. Bxe7 Qxe7 15. Bxd5 exd5 16. Nxg7+ Kf8 17. B@f6 
Qe8 18. Nxe8 
{spurs resigns} 1-0

[Event "fics rated crazyhouse match"]
[Site "fics, Oklahoma City, OK USA"]
[Date "2001.02.20"]
[White "spurs"]
[WhiteElo "2295"]
[Black "RFrancisco"]
[BlackElo "2339"]
[TimeControl "60+0"]
[Result "1-0"]

1. d4 e5 2. Nf3 exd4 3. Qxd4 Nc6 4. Qd1 Nf6 5. Nc3 P@e5 6. Bg5 
Bc5 7. e3 O-O 8. Bxf6 Qxf6 9. Ne4 B@e7 10. Nxf6+ Bxf6 11. N@h5 Bce7 
12. P@g5 Bxg5 13. Nxg5 Bxg5 14. h4 Bh6 15. B@g5 N@f5 16. Bxh6 Nxh6 17. Nxg7 
P@c3 18. bxc3 B@b2 19. B@d2 Bxa1 20. Nh5 R@g6 21. P@g7 Rxg7 22. Nxg7 N@e8 
23. Nxe8 
{RFrancisco resigns} 1-0

[Event "fics rated crazyhouse match"]
[Site "fics, Oklahoma City, OK USA"]
[Date "2001.02.20"]
[White "RFrancisco"]
[WhiteElo "2338"]
[Black "Fudpucker"]
[BlackElo "2259"]
[TimeControl "180+0"]
[Result "1-0"]

1. e4 e6 2. d4 Nc6 3. Nc3 Bb4 4. Nf3 Nf6 5. e5 Nd5 6. Bd3 
Bxc3+ 7. bxc3 N@f4 8. O-O Nxd3 9. Qxd3 B@g6 10. B@e4 Bxe4 11. Qxe4 B@g6 
12. Qg4 d6 13. B@h4 f6 14. exf6 gxf6 15. Bh6 e5 16. P@g7 Rg8 17. Qxg6+ 
hxg6 18. dxe5 P@h3 19. P@h7 Kf7 20. hxg8=Q+ Qxg8 21. R@f8+ Ke6 22. N@d4+ Nxd4 
23. Nxd4+ Kd7 24. B@e8+ Ke7 25. exf6+ Nxf6 26. Bxf6# 
{Fudpucker checkmated} 1-0

[Event "fics rated crazyhouse match"]
[Site "fics, Oklahoma City, OK USA"]
[Date "2001.02.20"]
[White "Fudpucker"]
[WhiteElo "2253"]
[Black "RFrancisco"]
[BlackElo "2344"]
[TimeControl "180+0"]
[Result "0-1"]

1. e4 Nf6 2. Nc3 e5 3. Bc4 Bc5 4. Bxf7+ Kxf7 5. Nf3 Rf8 6. Nxe5+ 
Kg8 7. d4 Bb4 8. P@f7+ Rxf7 9. Nxf7 Kxf7 10. O-O B@h5 11. f3 d6 
12. P@f5 Nc6 13. Bg5 Nxd4 14. Qxd4 Bxc3 15. Qc4+ P@d5 16. exd5 N@e5 17. P@e6+ 
Kg8 18. Qxc3 N@e2+ 19. Kh1 Nxc3 20. bxc3 P@e2 21. B@f7+ Kh8 22. Bxh5 exf1=Q+ 
23. Rxf1 Bxe6 24. P@h6 P@e2 25. hxg7+ Kxg7 26. B@h6+ Kg8 27. P@f7+ Bxf7 28. Bxf7+ 
Nxf7 29. R@g7+ Kh8 30. Rxh7+ Nxh7 31. B@f6+ Nxf6 32. Bxf6+ Qxf6 33. P@g7+ Kh7 
34. N@f8+ Kxh6 35. g8=Q exf1=Q# 
{Fudpucker resigns} 0-1

[Event "fics rated crazyhouse match"]
[Site "fics, Oklahoma City, OK USA"]
[Date "2001.02.20"]
[White "RFrancisco"]
[WhiteElo "2350"]
[Black "Fudpucker"]
[BlackElo "2247"]
[TimeControl "180+0"]
[Result "1-0"]

1. e4 e6 2. d4 Nc6 3. Nc3 Bb4 4. Nf3 Nf6 5. e5 Ne4 6. Bd3 
Bxc3+ 7. bxc3 Nxc3 8. Bg5 Nxd1 9. Rxd1 f6 10. exf6 gxf6 11. N@h6 P@g7 
12. Bxf6 Qxf6 13. B@g5 B@b4+ 14. Kf1 Qxf3 15. gxf3 gxh6 16. P@f7+ Kf8 17. Q@e8+ 
Kg7 18. Qxh8+ Kxf7 
{Fudpucker resigns} 1-0

[Event "fics rated crazyhouse match"]
[Site "fics, Oklahoma City, OK USA"]
[Date "2001.02.20"]
[White "Fudpucker"]
[WhiteElo "2241"]
[Black "RFrancisco"]
[BlackElo "2356"]
[TimeControl "180+0"]
[Result "0-1"]

1. e4 Nf6 2. Nc3 e5 3. Bc4 Bc5 4. Bxf7+ Kxf7 5. Nf3 Qe7 6. d4 
exd4 7. Nxd4 Bxd4 8. Qxd4 B@c5 9. Qc4+ d5 10. Nxd5 Nxd5 11. Qxd5+ Be6 
12. N@g5+ Ke8 13. P@f7+ Bxf7 14. Nxf7 Bxf2+ 15. Kf1 P@e6 16. Qd2 N@e3+ 17. Kxf2 
Qxf7+ 18. B@f3 Ng4+ 19. Ke2 N@f4+ 20. Qxf4 Qxf4 21. Bxf4 Q@f2+ 22. Kd1 N@e3+ 
23. Bxe3 Nxe3+ 24. Kc1 Qxc2# 
{Fudpucker checkmated} 0-1

[Event "fics rated crazyhouse match"]
[Site "fics, Oklahoma City, OK USA"]
[Date "2001.02.20"]
[White "RFrancisco"]
[WhiteElo "2361"]
[Black "Fudpucker"]
[BlackElo "2236"]
[TimeControl "180+0"]
[Result "1-0"]

1. e4 e6 2. d4 Nc6 3. Nc3 Bb4 4. Nf3 Nf6 5. e5 Nd5 6. Bd3 
Bxc3+ 7. bxc3 N@f4 8. O-O Nxd3 9. Qxd3 B@g6 10. B@e4 d6 11. Bg5 f6 
12. Bxg6+ hxg6 13. Qxg6+ B@f7 14. Qxg7 Rg8 15. Qxg8+ Bxg8 16. B@h5+ Kd7 17. R@g7+ 
Q@e7 18. Rxe7+ Qxe7 19. exf6 Nxf6 20. Bxf6 Qf8 21. P@e7 Nxe7 22. N@e5+ dxe5 
23. Nxe5+ Kd8 24. P@g7 
{Fudpucker resigns} 1-0

[Event "fics rated crazyhouse match"]
[Site "fics, Oklahoma City, OK USA"]
[Date "2001.02.20"]
[White "Fudpucker"]
[WhiteElo "2231"]
[Black "RFrancisco"]
[BlackElo "2366"]
[TimeControl "180+0"]
[Result "0-1"]

1. e4 Nf6 2. Nc3 e5 3. Nf3 Nc6 4. Bc4 Bc5 5. O-O O-O 6. d3 
d6 7. Bg5 Bg4 8. Bxf6 Qxf6 9. Nd5 Qh6 10. N@e7+ Kh8 11. h3 Bxf3 
12. Qxf3 Nd4 13. Qg4 B@h5 14. B@g5 Bxg4 15. Bxh6 N@f3+ 16. gxf3 Nxf3+ 17. Kg2 
Q@h2# 
{Fudpucker checkmated} 0-1

[Event "fics rated crazyhouse match"]
[Site "fics, Oklahoma City, OK USA"]
[Date "2001.02.20"]
[White "RFrancisco"]
[WhiteElo "2371"]
[Black "Fudpucker"]
[BlackElo "2226"]
[TimeControl "180+0"]
[Result "0-1"]

1. e4 e6 2. d4 Nc6 3. Nc3 Nf6 4. Nf3 d6 5. Bd3 Be7 6. O-O 
O-O 7. e5 Ng4 8. exd6 cxd6 9. P@e5 dxe5 10. dxe5 Ncxe5 11. Nxe5 Nxe5 
12. P@h6 P@f3 13. hxg7 fxg2 14. gxf8=Q+ Qxf8 15. R@g3+ P@g6 16. Rxg2 N@h3+ 17. Kh1 
P@f3 18. N@h6+ Kh8 19. Qxf3 Nxf3 20. P@d6 Bxd6 21. P@f6 P@g7 22. fxg7+ Qxg7 
23. Ne4 Be5 24. P@f4 Nxf4 25. Bxf4 P@h3 26. Bxe5 hxg2+ 27. Kxg2 Nxe5 28. B@f3 
Nxf3 29. Kxf3 B@d5 30. P@f6 Qxf6+ 31. Ke2 B@f3+ 32. Kd2 Bdxe4 33. N@e8 Bxd3 
34. Nxf6 Q@e2+ 35. Kc3 Qxc2+ 36. Kb4 Qc4# 
{RFrancisco resigns} 0-1

[Event "fics rated crazyhouse match"]
[Site "fics, Oklahoma City, OK USA"]
[Date "2001.02.20"]
[White "Fudpucker"]
[WhiteElo "2237"]
[Black "RFrancisco"]
[BlackElo "2360"]
[TimeControl "180+0"]
[Result "0-1"]

1. e4 Nf6 2. Nc3 e5 3. Nf3 Nc6 4. d4 exd4 5. Nxd4 Bc5 6. Nxc6 
Bxf2+ 7. Kxf2 dxc6 8. Qxd8+ Kxd8 9. B@e3 P@f4 10. Bc4 fxe3+ 11. Bxe3 N@g4+ 
12. Ke2 Nxe3 13. Rad1+ Nxd1 14. Rxd1+ P@d5 15. N@g3 B@g4+ 16. P@f3 B@f4 17. P@f2 
Re8 18. fxg4 Nxg4 19. B@f5 R@e3+ 20. Kf1 Bxg3 21. Q@g5+ P@f6 22. Qxg4 N@d2+ 
23. Kg1 Bxf2+ 24. Kxf2 Bxf5 25. Qxf5 B@h4+ 26. B@g3 Rxg3 27. hxg3 Bxg3+ 28. Kxg3 
B@d6+ 29. B@f4 P@h4+ 30. Kxh4 g5+ 31. Kh3 Q@h4# 
{Fudpucker checkmated} 0-1

[Event "fics rated crazyhouse match"]
[Site "fics, Oklahoma City, OK USA"]
[Date "2000.02.21"]
[White "emperor"]
[WhiteElo "2097"]
[Black "Firefly"]
[BlackElo "2485"]
[TimeControl "180+0"]
[Result "0-1"]

1. e4 e6 2. Nc3 Nc6 3. d4 d5 4. e5 Nge7 5. Bg5 h6 6. Bh4 
g5 7. Bb5 gxh4 8. Bxc6+ Nxc6 9. N@f6+ Qxf6 10. exf6 B@g5 11. Nf3 Bxf6 
12. Ne5 Nxe5 13. dxe5 Bxe5 14. N@g4 B@g7 15. Nxe5 Bxe5 16. B@d4 Bxd4 17. Qxd4 
B@g7 18. B@f6 N@c6 19. O-O Bxf6 20. Qxf6 P@g7 21. Qxh4 B@g5 22. Qa4 Bd7 
23. Rae1 Bfe7 24. P@f5 O-O 25. fxe6 Bxe6 26. P@f4 Bh4 27. B@g3 Bhf6 28. f3 
Bc5+ 29. Bf2 Bxf2+ 30. Rxf2 B@b6 31. B@e3 Bxe3 32. Rxe3 B@d4 33. B@d2 N@c4 
34. Ree2 Nxd2 35. Rxd2 P@e3 36. N@d1 exf2+ 37. Rxf2 R@e1+ 38. Q@f1 Bxf2+ 39. Kxf2 
Rxf1+ 40. Kxf1 N@d2+ 41. Ke1 Q@f1+ 42. Kxd2 Bxc3+ 43. bxc3 B@e3+ 44. Nxe3 N@b1# 
{emperor checkmated} 0-1

[Event "fics rated crazyhouse match"]
[Site "fics, Oklahoma City, OK USA"]
[Date "2000.02.21"]
[White "Firefly"]
[WhiteElo "2487"]
[Black "emperor"]
[BlackElo "2095"]
[TimeControl "180+0"]
[Result "1-0"]

1. e4 e6 2. Nc3 Nf6 3. e5 Nd5 4. Nxd5 exd5 5. d4 d6 6. Nf3 
Bg4 7. Rg1 Be7 8. h3 Bh5 9. N@f4 Bg6 10. Nxd5 dxe5 11. dxe5 Nc6 
12. Bf4 P@e4 13. Nxe7 Qxe7 14. P@d6 cxd6 15. exd6 Qd7 16. Ne5 Nxe5 17. Bxe5 
f6 18. N@c7+ Kf7 19. B@d5+ P@e6 20. Nxe6 Qxe6 21. Bxe6+ Kxe6 22. P@d5+ Kxe5 
23. Q@e6# 
{emperor resigns} 1-0

[Event "fics rated crazyhouse match"]
[Site "fics, Oklahoma City, OK USA"]
[Date "2000.02.21"]
[White "emperor"]
[WhiteElo "2093"]
[Black "Firefly"]
[BlackElo "2489"]
[TimeControl "180+0"]
[Result "0-1"]

1. e4 e6 2. Nc3 Nc6 3. d4 Bb4 4. Nf3 Nf6 5. Bd3 d5 6. e5 
Ne4 7. O-O Bxc3 8. bxc3 Nxc3 9. Qe1 Ne4 10. B@h4 P@e7 11. Bxe4 dxe4 
12. Ng5 Nxd4 13. Nxf7 Kxf7 14. P@h6 gxh6 15. Bxh6 N@f3+ 16. Kh1 P@h3 17. Qxe4 
hxg2+ 18. Kxg2 P@h3+ 19. Kxh3 B@f5+ 20. Qxf5+ exf5 21. B@c4+ P@d5 22. N@g5+ Nxg5+ 
23. B6xg5 Q@g4# 
{emperor checkmated} 0-1

[Event "fics rated crazyhouse match"]
[Site "fics, Oklahoma City, OK USA"]
[Date "2000.02.21"]
[White "Firefly"]
[WhiteElo "2491"]
[Black "emperor"]
[BlackElo "2091"]
[TimeControl "180+0"]
[Result "1-0"]

1. e4 e6 2. Nc3 Nc6 3. d4 d5 4. exd5 exd5 5. Bb5 Nf6 6. Qe2+ 
P@e4 7. P@e5 Bg4 8. f3 exf3 9. gxf3 Ne4 10. Be3 Bb4 11. P@d2 Bxc3 
12. bxc3 P@f2+ 13. Bxf2 N@f4 14. fxg4 Nxe2 15. Nxe2 Nxf2 16. Kxf2 Qh4+ 17. B@g3 
Qxg4 18. P@f3 Qd7 19. Bxc6 bxc6 20. N@c5 B@h3 21. Nf4 P@g2 22. Rhg1 Q@f1+ 
23. Raxf1 gxf1=Q+ 24. Rxf1 Bxf1 25. Nxd7 R@h1 26. N@f6+ Kd8 27. N@e6+ fxe6 28. Nxe6+ 
Kc8 29. P@b7+ Kxb7 30. Nec5+ Kc8 31. P@b7+ Kd8 32. bxa8=Q+ B@c8 33. Qxc8# 
{emperor resigns} 1-0

[Event "fics rated crazyhouse match"]
[Site "fics, Oklahoma City, OK USA"]
[Date "2000.02.21"]
[White "emperor"]
[WhiteElo "2090"]
[Black "Firefly"]
[BlackElo "2492"]
[TimeControl "180+0"]
[Result "0-1"]

1. e4 e6 2. Nc3 Nf6 3. d4 Bb4 4. Nf3 d5 5. exd5 exd5 6. Bb5+ 
Bd7 7. Bxd7+ Nbxd7 8. O-O Bxc3 9. bxc3 Ne4 10. B@f5 Nxc3 11. Qe1+ N@e2+ 
12. Kh1 B@e4 13. B@g4 Bxf5 14. Bxf5 B@e4 15. B@g4 Bxf5 16. Bxf5 B@e4 17. B@g4 
P@e6 18. Bxe6 fxe6 19. P@f7+ Ke7 20. Ba3+ P@d6 21. P@e5 B@f5 22. exd6+ cxd6 
23. Bxd6+ Kxd6 24. Bxf5 Bxf3 25. P@c5+ Ke7 26. B@d6+ Kxf7 27. Bxe6+ Kxe6 28. Qxe2+ 
Nxe2 29. P@f5+ Kf7 30. P@e6+ Kg8 31. N@e3 P@h3 32. Rg1 N@e4 33. Raf1 Nxg1 
34. Kxg1 R@h1+ 35. Kxh1 hxg2+ 36. Nxg2 Bxg2+ 37. Kxg2 N@h4+ 38. Kh3 Q@g2# 
{emperor checkmated} 0-1

[Event "fics rated crazyhouse match"]
[Site "fics, Oklahoma City, OK USA"]
[Date "2000.02.21"]
[White "Firefly"]
[WhiteElo "2493"]
[Black "emperor"]
[BlackElo "2089"]
[TimeControl "180+0"]
[Result "1-0"]

1. e4 e6 2. Nc3 d6 3. d4 Nc6 4. Bb5 Bd7 5. d5 exd5 6. exd5 
Ne5 7. P@e6 Bxb5 8. exf7+ Nxf7 9. Nxb5 B@d7 10. Nc3 P@e6 11. dxe6 Bxe6 
12. P@d5 Qe7 13. dxe6 Qxe6+ 14. Qe2 Qxe2+ 15. Ngxe2 Ne5 16. Nf4 P@f7 17. P@d4 
Ng4 18. B@f5 N8f6 19. B@d7+ Nxd7 20. Bxg4 P@e6 21. d5 B@f5 22. Bxf5 exf5 
23. B@e6 fxe6 24. dxe6 O-O-O 25. exd7+ Rxd7 26. Q@e8+ Q@d8 27. Qe2 B@c6 28. N@d4 
B@e4 29. Nxe4 Bxe4 30. B@e6 Bxg2 31. Nxg2 P@e5 32. Bxd7+ Qxd7 33. B@e6 
{emperor resigns} 1-0

[Event "fics rated crazyhouse match"]
[Site "fics, Oklahoma City, OK USA"]
[Date "2000.02.21"]
[White "XXNoWay"]
[WhiteElo "2243"]
[Black "Tecumseh"]
[BlackElo "2264"]
[TimeControl "60+0"]
[Result "1-0"]

1. d4 e6 2. Nc3 Nf6 3. Nf3 d5 4. Bg5 Nc6 5. e3 Be7 6. Bb5 
Ne4 7. Bxe7 Qxe7 8. Ne5 Bd7 9. Nxd7 Qxd7 10. Bxc6 bxc6 11. N@e5 Qd6 
12. B@d7+ Qxd7 13. Nxd7 Kxd7 14. B@b7 B@d2+ 15. Qxd2 Nxd2 16. Bxc6+ Kxc6 17. Q@b5+ 
Kd6 18. B@c5# 
{Tecumseh checkmated} 1-0

[Event "fics rated crazyhouse match"]
[Site "fics, Oklahoma City, OK USA"]
[Date "2000.02.21"]
[White "Tecumseh"]
[WhiteElo "2256"]
[Black "XXNoWay"]
[BlackElo "2251"]
[TimeControl "60+0"]
[Result "1-0"]

1. e4 e5 2. d3 Nf6 3. Nf3 d6 4. Be2 Be7 5. Nc3 O-O 6. O-O 
Nc6 7. Nd5 Nd4 8. Nxe7+ Qxe7 9. Nxd4 exd4 10. B@g5 N@e5 11. N@d5 Nxd5 
12. exd5 f6 13. Bh6 gxh6 14. Bxh6 B@g7 15. Bxg7 Qxg7 16. N@h5 Qf7 17. P@g7 
Re8 18. B@f4 B@g6 19. Bxe5 Bxh5 20. N@h6+ Kxg7 21. Nxf7 Bxf7 22. Bxf6+ Kxf6 
23. Bh5 P@g6 24. P@g5+ Ke7 25. Q@f6+ Kf8 26. Qdf3 N@d8 27. Rae1 B@e5 28. Rxe5 
dxe5 29. B@g7+ Kg8 30. Qxd8 Rxd8 31. N@e7+ Kxg7 32. Qf6+ Kf8 33. Nxg6+ hxg6 
34. P@e7# 
{XXNoWay forfeits on time} 1-0

[Event "fics rated crazyhouse match"]
[Site "fics, Oklahoma City, OK USA"]
[Date "2000.02.21"]
[White "XXNoWay"]
[WhiteElo "2243"]
[Black "Tecumseh"]
[BlackElo "2264"]
[TimeControl "60+0"]
[Result "1-0"]

1. e4 Nc6 2. Nc3 Nf6 3. Nf3 e6 4. Bb5 d6 5. O-O Be7 6. d4 
O-O 7. Bxc6 bxc6 8. e5 Nd5 9. Nxd5 cxd5 10. exd6 Bxd6 11. P@h6 B@f6 
12. hxg7 Bxg7 13. N@h5 f5 14. P@h6 Bh8 15. Bg5 P@f6 16. Bxf6 Bxf6 17. Nxf6+ 
Rxf6 18. B@g5 P@h4 19. Bxh4 B@g4 20. P@g7 Bxf3 21. Qxf3 N@d2 22. Qe2 N@h3+ 
23. gxh3 N@f3+ 24. Kh1 Nxh4 25. Qxd2 B@g2+ 26. Kg1 Nf3+ 27. Kxg2 Nxd2 28. B@h5 
Bxh2 29. Kxh2 P@f3 30. Rg1 Rxh6 31. P@f7# 
{Tecumseh checkmated} 1-0

[Event "fics rated crazyhouse match"]
[Site "fics, Oklahoma City, OK USA"]
[Date "2000.02.21"]
[White "Tecumseh"]
[WhiteElo "2256"]
[Black "XXNoWay"]
[BlackElo "2251"]
[TimeControl "60+0"]
[Result "1-0"]

1. e4 e5 2. d3 Nf6 3. Nc3 Be7 4. Nf3 d6 5. Be2 O-O 6. O-O 
Nc6 7. Nd5 Nxd5 8. exd5 Nd4 9. Nxd4 exd4 10. Bg4 Bxg4 11. Qxg4 N@e5 
12. N@h6+ Kh8 13. Qxg7+ Kxg7 14. N@f5+ Kg6 15. Bf4 Bg5 16. Bxe5 Bxh6 17. N@h4+ 
Kh5 18. B@f3+ N@g4 19. Bxg4+ Kxg4 20. f3+ Kg5 21. f4+ Kg4 22. P@h3+ Kh5 
23. N@g3# 
{XXNoWay checkmated} 1-0

[Event "fics rated crazyhouse match"]
[Site "fics, Oklahoma City, OK USA"]
[Date "2000.02.21"]
[White "XXNoWay"]
[WhiteElo "2243"]
[Black "Tecumseh"]
[BlackElo "2264"]
[TimeControl "60+0"]
[Result "1-0"]

1. e4 Nc6 2. Nc3 Nf6 3. Nf3 e6 4. Bb5 d6 5. O-O Be7 6. d4 
Ng4 7. h3 h5 8. hxg4 hxg4 9. Nh2 e5 10. Nxg4 Bxg4 11. Qxg4 Bf6 
12. d5 P@h2+ 13. Kh1 Rh4 14. P@d7+ Kf8 15. Qxh4 Bxh4 16. R@h8+ N@g8 17. B@h7 
Bxf2 18. Rxg8+ Ke7 19. N@f5+ Kf6 20. N@g4# 
{Tecumseh checkmated} 1-0

[Event "fics rated crazyhouse match"]
[Site "fics, Oklahoma City, OK USA"]
[Date "2000.02.21"]
[White "Tecumseh"]
[WhiteElo "2256"]
[Black "XXNoWay"]
[BlackElo "2251"]
[TimeControl "60+0"]
[Result "1-0"]

1. e4 d6 2. d4 Nf6 3. e5 Nc6 4. exf6 gxf6 5. Nf3 Rg8 6. Nc3 
e5 7. dxe5 fxe5 8. P@g5 Bg4 9. N@f6+ Qxf6 10. gxf6 Bxf3 11. Qxf3 Nd4 
12. Qxb7 Nxc2+ 13. Kd1 Rd8 14. B@a4+ P@d7 15. Bxc2 P@f3 16. P@g7 P@e2+ 17. Nxe2 
fxe2+ 18. Bxe2 
{XXNoWay resigns} 1-0

[Event "fics rated crazyhouse match"]
[Site "fics, Oklahoma City, OK USA"]
[Date "2000.02.21"]
[White "XXNoWay"]
[WhiteElo "2243"]
[Black "Tecumseh"]
[BlackElo "2264"]
[TimeControl "60+0"]
[Result "1-0"]

1. e4 Nc6 2. Nc3 Nf6 3. Nf3 d5 4. Bb5 Bd7 5. exd5 Nb4 6. Bxd7+ 
Qxd7 7. Ne5 Qf5 8. P@d7+ Nxd7 9. Nxd7 Qxd7 10. N@e5 Qd6 11. B@d7+ Qxd7 
12. Nxd7 Kxd7 13. Qg4+ e6 14. dxe6+ fxe6 15. Q@f7+ B@e7 16. Qfxe6+ Ke8 17. Qd7+ 
Kf7 18. Qge6# 
{Tecumseh checkmated} 1-0

[Event "fics rated crazyhouse match"]
[Site "fics, Oklahoma City, OK USA"]
[Date "2000.02.21"]
[White "Tecumseh"]
[WhiteElo "2256"]
[Black "XXNoWay"]
[BlackElo "2251"]
[TimeControl "60+0"]
[Result "1-0"]

1. e4 e6 2. d4 Nf6 3. e5 Nd5 4. Nc3 Nc6 5. Bd2 Nxc3 6. bxc3 
N@e4 7. Nf3 d6 8. Bd3 Nxd2 9. Qxd2 dxe5 10. dxe5 B@h6 11. P@g5 Nxe5 
12. gxh6 Nxf3+ 13. gxf3 N@g2+ 14. Kf1 Nh4 15. B@h3 Nxf3 16. Qe2 Ng5 17. hxg7 
Bxg7 18. N@h5 Rg8 19. Nxg7+ Rxg7 20. N@h5 Rg8 21. N@f6+ Kf8 22. B@h6+ P@g7 
23. Bxg5 gxf6 24. Bxf6 P@g2+ 25. Bxg2 Rxg2 26. Bxd8 
{XXNoWay resigns} 1-0

[Event "fics rated crazyhouse match"]
[Site "fics, Oklahoma City, OK USA"]
[Date "2000.02.21"]
[White "XXNoWay"]
[WhiteElo "2243"]
[Black "Tecumseh"]
[BlackElo "2264"]
[TimeControl "60+0"]
[Result "0-1"]

1. e4 Nc6 2. Nc3 Nf6 3. Nf3 d5 4. Bb5 e6 5. d4 dxe4 6. Ng5 
Qe7 7. Bxc6+ bxc6 8. N@e5 B@h5 9. Qd2 Nd5 10. Ncxe4 P@f6 11. Nxc6 fxg5 
12. Nxe7 Bxe7 13. P@c6 N@c4 14. P@d7+ Bxd7 15. cxd7+ Kxd7 16. B@b5+ P@c6 17. Bxc4 
P@e3 18. N@e5+ Ke8 19. Q@d7+ Kf8 20. fxe3 Rd8 21. Bxd5 Rxd7 22. Nxd7+ Ke8 
23. N@e5 Q@d6 24. R@c8+ N@d8 25. Nxd6+ Bxd6 26. Rxd8+ Kxd8 27. N@b7+ Ke7 28. Nxc6+ 
Kxd7 29. Ne5+ Bxe5 30. P@c6+ Ke7 31. Q@d7+ Kf6 
{XXNoWay forfeits on time} 0-1

[Event "fics rated crazyhouse match"]
[Site "fics, Oklahoma City, OK USA"]
[Date "2000.02.21"]
[White "Tecumseh"]
[WhiteElo "2272"]
[Black "XXNoWay"]
[BlackElo "2235"]
[TimeControl "60+0"]
[Result "1-0"]

1. e4 e5 2. d3 Nf6 3. Nf3 Nc6 4. Nc3 Be7 5. Be2 d5 6. exd5 
Nxd5 7. Nxd5 Qxd5 8. P@e4 Qd8 9. N@f5 Bxf5 10. exf5 N@f4 11. Bxf4 exf4 
12. N@h5 B@f6 13. Nxf4 N@d4 14. P@e6 O-O 15. exf7+ Rxf7 16. B@e6 Nxe6 17. fxe6 
Rf8 18. P@f7+ Rxf7 19. exf7+ Kxf7 20. N@d5 B@e5 21. Nxe7 Bxf4 22. Nxc6 bxc6 
23. B@d2 Bxd2+ 24. Qxd2 P@d6 25. N@g5+ Kg8 26. B@e6+ Kh8 27. Nf7+ Kg8 28. Nxd8+ 
Kf8 29. Q@f7# 
{XXNoWay checkmated} 1-0

[Event "fics rated crazyhouse match"]
[Site "fics, Oklahoma City, OK USA"]
[Date "2000.02.21"]
[White "Tecumseh"]
[WhiteElo "2279"]
[Black "spurs"]
[BlackElo "2274"]
[TimeControl "60+0"]
[Result "0-1"]

1. e3 e6 2. d3 d5 3. Be2 Nf6 4. Nf3 Nc6 5. Nc3 Bd6 6. O-O 
e5 7. d4 exd4 8. exd4 Ne4 9. P@e5 Nxc3 10. bxc3 Be7 11. N@h5 Rg8 
12. Bb5 Bd7 13. Re1 P@h3 14. e6 Bxe6 15. Rxe6 fxe6 16. Ne5 P@f7 17. Bxc6+ 
bxc6 18. gxh3 B@e4 19. P@f3 Bh4 20. Nxc6 Bxf2+ 21. Kxf2 Qh4+ 22. B@g3 Qxh3 
23. P@d7+ Kxd7 24. N@e5+ Kc8 25. B@a6+ P@b7 26. Bxb7+ Kxb7 27. Rb1+ P@b6 28. Qg1 
Qxh5 29. P@g4 Qh6 30. Nxf7 P@e3+ 31. Bxe3 Qxe3+ 32. Kxe3 N@c4+ 33. Kf2 B@e3+ 
34. Kg2 R@e2+ 35. P@f2 B@h3+ 36. Kxh3 N@g5+ 37. Nxg5 Kxc6 
{Tecumseh forfeits on time} 0-1

[Event "fics rated crazyhouse match"]
[Site "fics, Oklahoma City, OK USA"]
[Date "2000.02.21"]
[White "spurs"]
[WhiteElo "2282"]
[Black "Tecumseh"]
[BlackElo "2271"]
[TimeControl "60+0"]
[Result "1-0"]

1. d4 e6 2. Nf3 Nc6 3. Bg5 Be7 4. Bxe7 Qxe7 5. e4 Nf6 6. Nc3 
B@f4 7. Bb5 d5 8. e5 Ne4 9. Bxc6+ bxc6 10. Nxe4 dxe4 11. Nd2 e3 
12. fxe3 Bxe3 13. B@g3 Bxd4 14. P@f6 gxf6 15. exf6 Qxf6 16. N@e4 P@f2+ 17. Nxf2 
P@e3 18. Nfe4 exd2+ 19. Qxd2 P@f2+ 20. Bxf2 Bxf2+ 21. Nxf2 B@h6 22. P@e3 N@c4 
23. N@e4 Qe7 24. Qe2 P@d2+ 25. Kf1 Nxe3+ 26. Qxe3 Bxe3 27. N@f6+ Kd8 28. P@g7 
P@e2+ 29. Kxe2 N@d4+ 30. Kxe3 Q@e2+ 31. Kxd4 e5+ 32. Kc3 B@b4+ 33. Kb3 Be6+ 
34. P@d5 Bxd5+ 35. Nxd5 P@c4+ 36. Ka4 cxd5 37. N@c6+ Ke8 38. P@d7+ Kxd7 39. gxh8=Q 
P@b5+ 40. Kxb5 c3+ 41. Ka4 
{Tecumseh forfeits on time} 1-0

[Event "fics rated crazyhouse match"]
[Site "fics, Oklahoma City, OK USA"]
[Date "2000.02.21"]
[White "spurs"]
[WhiteElo "2297"]
[Black "Tecumseh"]
[BlackElo "2256"]
[TimeControl "60+0"]
[Result "0-1"]

1. d4 Nc6 2. Nf3 d5 3. Nc3 Nf6 4. Bg5 Ne4 5. Nxe4 dxe4 6. Ne5 
Nxd4 7. Nxf7 Nxc2+ 8. Qxc2 N@d4 9. Qd2 Qd5 10. Nxh8 P@f7 11. N@c3 Qxg5 
12. Qxd4 P@d2+ 13. Kd1 Be6 14. Nxe4 Qb5 15. N@c5 B@a4+ 16. b3 Rd8 17. Qxd8+ 
Kxd8 18. Nxe6+ fxe6 19. N@f7+ Kd7 20. R@d8+ Kc6 21. B@d7+ Kb6 22. Bxb5 Q@e1+ 
23. Kc2 N@b4+ 24. Kc3 Qxa1+ 25. Kxb4 R@d4+ 26. P@c4 Rxc4+ 27. bxc4 P@a5+ 28. Kxa4 
Qxa2+ 29. B@a3 Qc2# 
{spurs forfeits on time} 0-1